 Dungeon Sprint DCSS version 0.30-a0-371-gad7725a93e (webtiles) character file.

Game seed: 999250473595813457

6200000 garrulousMonolith the Axe Maniac (level 23, -27/219 HPs)
             Began as a Demonspawn Warper on Nov 21, 2022.
             Was the Champion of Makhleb.
             Annihilated by The Servant
             ... wielding a +9 glaive of flaming
              (111 damage)
             ... in the Dungeon (Sprint VIII: "Arena of Blood").
             The game lasted 00:03:22 (62 turns).

garrulousMonolith the Axe Maniac (Demonspawn Warper)  Turns: 62, Time: 00:03:23

Health: -27/219    AC:  6    Str: 13    XL:     23   Next: 61%
Magic:  0/54       EV: 34    Int: 15    God:    Makhleb [******]
Gold:   0          SH:  8    Dex: 22    Spells: 76/76 levels left

rFire   . . .      SeeInvis .    j - +∞ Axe of Woe
rCold   . . .      Faith    .    (shield currently unavailable)
rNeg    . . .      Spirit   +    b - +0 leather armour
rPois   .          Reflect  .    (no helmet)
rElec   .          Harm     .    (no cloak)
rCorr   .          Rampage  .    (gloves unavailable)
Will    ++...      NoTele   +    (no boots)
Stlth   ++++++++++               (no amulet)
HPRegen 11.56/turn               (no ring)
MPRegen 0.68/turn                (no ring)

@: no status effects
A: large bone plates 3, powered by death 3, torment resistance 1, magic shield,
magic regeneration, magic link, demonic willpower, demonic touch 3
a: Renounce Religion, Minor Destruction, Lesser Servant of Makhleb, Major
Destruction, Greater Servant of Makhleb


You were in the Dungeon.
You worshipped Makhleb.
Makhleb was exalted by your worship.
You visited 1 branch

Inventory:

Hand Weapons
 a - a +0 hand axe
 j - the +∞ Axe of Woe (weapon)
   (You found it in the Dungeon)
Missiles
 d - 7 boomerangs of dispersal (quivered)
Armour
 b - a +0 leather armour (worn)
Jewellery
 c - a ring of see invisible
Potions
 e - a potion of curing
 f - a potion of heal wounds
 g - a potion of haste
 h - 2 potions of magic
 i - a potion of berserk rage


   Skills:
 O Level 27 Fighting
 O Level 27 Axes
 O Level 27 Throwing
 O Level 27 Armour
 O Level 27 Dodging
 O Level 27 Stealth
 + Level 26.8 Shields
 O Level 27 Unarmed Combat
 O Level 27 Spellcasting
 O Level 27 Conjurations
 O Level 27 Translocations
 O Level 27 Invocations
 O Level 27 Evocations


You had 76 spell levels left.
You didn't know any spells.
Your spell library contained the following spells:

 Spells                   Type           Power      Damage    Failure   Level
 Blink                    Tloc           100%       N/A       0%          2
 Lesser Beckoning         Tloc           100%       N/A       0%          3
 Teleport Other           Tloc           79%        N/A       0%          3
 Manifold Assault         Tloc           79%        N/A       0%          4
 Vhi's Electric Charge    Tloc/Air       100%       N/A       1%          3


Dungeon Overview and Level Annotations

Branches:
Dungeon (1/1)

Altars:
Makhleb

Annotations:
D The Servant


Innate Abilities, Weirdness & Mutations

You are completely covered in large bone plates. (SH +8)
You regenerate a lot of health from kills.
You are resistant to unholy torment.
When hurt, damage is shared between your health and your magic reserves.
You regenerate magic rapidly.
When low on magic, you restore magic in place of health.
You punish those that try to bend your will. (Will+)
Your touch may irresistibly damage your foes and sap their willpower.


Message History

The Servant barely misses you. The accursed casts a spell at you.
Something smites you!
You hear a shout!
The sculptor of flesh is engulfed in blazing flames.
The bag of meat is engulfed in blazing flames.
You hear a shout!
The accursed points at you and mumbles some strange words.
Something smites you!
You hear a shout!
The destroyer points at you and mumbles some strange words.
The destroyer blinks!
You hear a shout! x3
Items here: ) == †.
Okay, then.
You carve the destroyer like a ham!!!
You fatally mangle the destroyer.
You destroy the destroyer!
Makhleb accepts your kill.
You feel better.
You hear a shout! x4
The Servant hits you from afar with a +9 glaive of flaming!!!!
The Servant burns you.
You hear a shout!
The accursed casts a spell at you. Something smites you!
You hear a shout! x2
The sculptor of flesh is engulfed in blazing flames.
You hear a shout! x3
The bag of meat is engulfed in blazing flames.
The accursed casts a spell at you. Something smites you!
You hear a shout! x5
Your Shields skill gained 4 levels and is now at level 26!
c - a ring of see invisible The meat berserker appears out of thin air!
A meat berserker comes into view. It is wielding a +9 battleaxe.
You hear a shout! x9
The Servant hits you from afar with a +9 glaive of flaming!!!!
Ouch! That really hurt!
You die... ################ #.....))@....... ......°°☼O.M.... . ....z##@##.#####.. ..... ozo.........

##...oM##o##......
........o...☼°....o.
#.......o..#°#.O....
#...........)......#
#..................


You could see 2 accurseds, The Servant, 2 sculptors of flesh, 2 meat berserkers
and 4 bags of meat.

Vanquished Creatures
  A royal mummy (D)
  4 vampire knights (D)
  16 ogres (D)
  3 two-headed ogres (D)
  A hydra (D)
  40 orcs (D)
  2 skeletal warriors (D)
67 creatures vanquished.

Notes
Turn   | Place    | Note
-------+----------+-------------------------------------------
     0 | D        | Found the +∞ Axe of Woe
     0 | D        | garrulousMonolith the Demonspawn Warper began the quest for
                  | the Orb.
     0 | D        | Reached XP level 1. HP: 16/16 MP: 3/3
     2 | D        | Noticed a bag of meat
     3 | D        | Noticed a bag of meat
     4 | D        | Became a worshipper of Makhleb the Destroyer
     4 | D        | Noticed a bag of meat
     5 | D        | Killed a bag of meat
     6 | D        | Gained mutation: You regenerate a little health from kills.
                  | [demonic ancestry]
     6 | D        | Reached XP level 2. HP: 22/22 MP: 5/5
     6 | D        | Gained mutation: You are partially covered in large bone
                  | plates. (SH +4) [demonic ancestry]
     6 | D        | Reached XP level 3. HP: 27/27 MP: 6/6
     6 | D        | Gained mutation: You are mostly covered in large bone
                  | plates. (SH +6) [demonic ancestry]
     6 | D        | Reached XP level 4. HP: 33/33 MP: 7/7
     6 | D        | Reached XP level 5. HP: 38/38 MP: 8/8
     6 | D        | Gained mutation: You regenerate magic rapidly. [demonic
                  | ancestry]
     6 | D        | Reached XP level 6. HP: 44/44 MP: 9/9
     6 | D        | Gained mutation: You are completely covered in large bone
                  | plates. (SH +8) [demonic ancestry]
     6 | D        | Reached XP level 7. HP: 50/50 MP: 10/10
     6 | D        | Reached XP level 8. HP: 56/56 MP: 11/11
     6 | D        | Gained mutation: You regenerate health from kills. [demonic
                  | ancestry]
     6 | D        | Reached XP level 9. HP: 61/61 MP: 12/12
     6 | D        | Reached XP level 10. HP: 67/67 MP: 13/13
     6 | D        | Noticed a bag of meat
     6 | D        | Noticed a meat berserker
     7 | D        | Noticed a bag of meat
     7 | D        | Noticed a bag of meat
     7 | D        | Noticed a meat berserker
     7 | D        | Noticed a bag of meat
     8 | D        | Noticed a bag of meat
     8 | D        | Noticed a bag of meat
     8 | D        | Noticed a bag of meat
     9 | D        | Killed a meat berserker
     9 | D        | Reached * piety under Makhleb
     9 | D        | Killed a bag of meat
     9 | D        | Noticed a bag of meat
    10 | D        | Reached skill level 27 in Axes
    10 | D        | Gained mutation: When hurt, damage is shared between your
                  | health and your magic reserves. [demonic ancestry]
    10 | D        | Reached XP level 11. HP: 105/105 MP: 14/14
    10 | D        | Gained mutation: You regenerate a lot of health from kills.
                  | [demonic ancestry]
    10 | D        | Reached XP level 12. HP: 113/113 MP: 15/15
    10 | D        | Gained mutation: Your touch may inflict minor irresistible
                  | damage on your foes. [demonic ancestry]
    10 | D        | Reached XP level 13. HP: 119/119 MP: 16/16
    10 | D        | Noticed a bag of meat
    11 | D        | Killed a meat berserker
    11 | D        | Noticed a meat berserker
    12 | D        | Noticed a bag of meat
    12 | D        | Noticed a bag of meat
    12 | D        | Noticed a bag of meat
    12 | D        | Noticed a bag of meat
    12 | D        | Noticed a bag of meat
    12 | D        | Noticed a bag of meat
    12 | D        | Noticed a bag of meat
    13 | D        | Killed a bag of meat
    13 | D        | Reached ** piety under Makhleb
    14 | D        | Reached XP level 14. HP: 138/138 MP: 17/17
    14 | D        | Killed a bag of meat
    15 | D        | Reached skill level 15 in Dodging
    15 | D        | Killed a bag of meat
    15 | D        | Killed a bag of meat
    15 | D        | Reached *** piety under Makhleb
    16 | D        | Killed a meat berserker
    17 | D        | Gained mutation: Your touch may inflict irresistible damage
                  | on your foes. [demonic ancestry]
    17 | D        | Reached XP level 15. HP: 156/156 MP: 18/18
    17 | D        | Reached **** piety under Makhleb
    17 | D        | Noticed a meat berserker
    18 | D        | Reached skill level 27 in Fighting
    18 | D        | Reached ***** piety under Makhleb
    19 | D        | Reached skill level 27 in Dodging
    19 | D        | Reached XP level 16. HP: 167/167 MP: 19/19
    19 | D        | Noticed a destroyer
    21 | D        | Noticed a meat berserker
    22 | D        | Noticed a meat berserker
    23 | D        | Reached XP level 17. HP: 174/174 MP: 20/20
    23 | D        | Noticed a meat berserker
    24 | D        | Killed a destroyer
    25 | D        | Reached skill level 27 in Stealth
    25 | D        | Reached skill level 10 in Armour
    25 | D        | Reached skill level 15 in Invocations
    25 | D        | Killed a meat berserker
    25 | D        | Reached ****** piety under Makhleb
    26 | D        | Noticed a large bag of meat
    26 | D        | Noticed a meat berserker
    26 | D        | Noticed a meat berserker
    27 | D        | Killed a meat berserker
    27 | D        | Noticed a destroyer
    28 | D        | Gained mutation: Your touch may irresistibly damage your
                  | foes and sap their willpower. [demonic ancestry]
    28 | D        | Reached XP level 18. HP: 182/182 MP: 20/34
    28 | D        | Noticed a destroyer
    29 | D        | Noticed The Servant
    29 | D        | Killed a meat berserker
    29 | D        | Noticed a meat berserker
    30 | D        | Reached skill level 27 in Invocations
    30 | D        | Killed a meat berserker
    31 | D        | Noticed a meat berserker
    32 | D        | Reached skill level 27 in Armour
    32 | D        | Noticed a meat berserker
    32 | D        | Noticed an eight-headed meat hydra
    32 | D        | Noticed a large bag of meat
    33 | D        | Killed a destroyer
    33 | D        | Noticed a sculptor of flesh
    34 | D        | Gained mutation: When low on magic, you restore magic in
                  | place of health. [demonic ancestry]
    34 | D        | Reached XP level 19. HP: 189/189 MP: 23/37
    34 | D        | Noticed a large bag of meat
    35 | D        | Reached skill level 15 in Spellcasting
    35 | D        | Reached skill level 15 in Translocations
    35 | D        | Noticed a meat berserker
    37 | D        | Killed a large bag of meat
    39 | D        | Killed a nine-headed meat hydra
    40 | D        | Killed a meat berserker
    41 | D        | Gained mutation: You punish those that try to bend your
                  | will. (Will+) [demonic ancestry]
    41 | D        | Reached XP level 20. HP: 197/197 MP: 36/48
    42 | D        | Killed a meat berserker
    43 | D        | Reached skill level 27 in Spellcasting
    43 | D        | Reached skill level 27 in Translocations
    43 | D        | Killed a meat berserker
    44 | D        | Noticed an accursed
    45 | D        | Reached XP level 21. HP: 204/204 MP: 43/52
    47 | D        | Reached skill level 27 in Throwing
    47 | D        | Reached skill level 15 in Unarmed Combat
    49 | D        | Killed a large bag of meat
    49 | D        | Noticed an accursed
    51 | D        | Killed a large bag of meat
    52 | D        | Reached skill level 27 in Unarmed Combat
    52 | D        | Reached skill level 10 in Conjurations
    52 | D        | Reached skill level 10 in Evocations
    52 | D        | Gained mutation: You are resistant to unholy torment.
                  | [demonic ancestry]
    52 | D        | Reached XP level 22. HP: 173/212 MP: 36/53
    52 | D        | Noticed an accursed
    54 | D        | Killed a destroyer
    56 | D        | Killed an accursed
    57 | D        | Reached skill level 27 in Conjurations
    57 | D        | Reached skill level 27 in Evocations
    57 | D        | Reached skill level 10 in Shields
    57 | D        | Reached XP level 23. HP: 78/219 MP: 14/54
    58 | D        | Noticed a destroyer
    61 | D        | Killed a destroyer
    62 | D        | Annihilated by The Servant

Illustrated notes

Levels and vault maps discovered:
D:        meatsprint

Skill      XL: |  1  2  3  4  5  6  7  8  9 10 11 12 13 14 15 16 17 18 19 20 21 22 23 |
---------------+----------------------------------------------------------------------+-----
Axes           | 23 27 | 27.0
Fighting       | 16 21 26 27 | 27.0
Dodging        | 13 19 27 | 27.0
Stealth        | 11 24 27 | 27.0
Armour         | 18 27 | 27.0
Invocations    | 25 27 | 27.0
Spellcasting   | 14 24 27 | 27.0
Translocations | 14 24 27 | 27.0
Throwing       | 23 27 | 27.0
Unarmed Combat | 27 | 27.0
Conjurations   | 10 27 | 27.0
Evocations     | 10 27 | 27.0
Shields        | 10 26 | 26.8

Action                   |  1- 3 |  4- 6 |  7- 9 | 10-12 | 13-15 | 16-18 | 19-21 | 22-24 || total
-------------------------+-------+-------+-------+-------+-------+-------+-------+-------++-------
Melee: Executioner's axe |     1 |       |       |     1 |     7 |    11 |    16 |     8 ||    44
  Use: Scroll            |       |       |       |       |       |     1 |     1 |       ||     2
Dodge: Dodged            |       |       |       |       |       |       |       |     1 ||     1
Block: Other             |       |       |       |       |       |     1 |       |       ||     1

Table legend: (Time is in decaauts)
 A = Elapsed time spent in this place.
 B = Non-inter-level travel time spent in this place.
 C = Inter-level travel time spent in this place.
 D = Time resting spent in this place.
 E = Time spent auto-exploring this place.
 F = Levels seen in this place.
 G = Mean time per level.
                   A        B        C        D        E       F      G
               +--------+--------+--------+--------+--------+-----+--------+
         Total |     49 |     49 |      0 |      0 |      0 |   1 |   49.0 |
       Dungeon |     49 |     49 |      0 |      0 |      0 |   1 |   49.0 |
               +--------+--------+--------+--------+--------+-----+--------+

Top non-repeatable levels by time:
       D: 49 daAuts
